 Dungeon Crawl Stone Soup version 0.19-a0-1341-g3513869 (webtiles) character file.

49 4thArraOfDagon the Ruffian (level 3, 0/31 HPs)
             Began as a Troll Ice Elementalist on Sept 1, 2016.
             Slain by a water moccasin (8 damage)
             ... on level 4 of the Dungeon.
             The game lasted 00:03:22 (411 turns).

4thArraOfDagon the Ruffian (Troll Ice Elementalist)  Turns: 411, Time: 00:03:23

Health: 0/31       AC:  6    Str: 16    XL:     3   Next: 51%
Magic:  3/3        EV: 10    Int: 12    God:
Gold:   33         SH:  0    Dex: 10    Spells: 1 memorised, 3 levels left

rFire  . . .     SeeInvis .       - Unarmed
rCold  . . .     Gourm    +     a - +1 robe
rNeg   . . .     Faith    .     (no shield)
rPois  .         Spirit   .     (helmet restricted)
rElec  .         Dismiss  .     (no cloak)
rCorr  .         Reflect  .     (gloves unavailable)
MR     .....     Harm     .     (boots unavailable)
Stlth  +.........               (no amulet)
                                (no ring)
                                (no ring)

@: lethally poisoned (0 -> -1)
A: unfitting armour, claws 3, fast metabolism 3, gourmand, regeneration 1,
shaggy fur 1, tough skin 2
a: no special abilities


You were on level 4 of the Dungeon.
You were very full.

You visited 1 branch of the dungeon, and saw 4 of its levels.

You collected 33 gold pieces.

Inventory:

Armour
 a - a +1 robe (worn)
Scrolls
 g - a scroll of remove curse
Books
 b - a book of Frost

   Spells                             Type                      Level
   a - Freeze                         Ice                          1
   b - Throw Frost                    Conjuration/Ice              2
   c - Ozocubu's Armour               Charms/Ice                   3
   d - Throw Icicle                   Conjuration/Ice              4
   e - Summon Ice Beast               Ice/Summoning                4
Comestibles
 c - 3 bread rations
 d - a beef jerky


   Skills:
 - Level 1.5 Dodging
 - Level 1.1 Stealth
 * Level 3.2 Unarmed Combat
 - Level 1.2 Spellcasting
   Level 0.6 Conjurations
 - Level 2.1 Ice Magic


You had 3 spell levels left.
You knew the following spells:

 Your Spells              Type           Power        Failure   Level  Hunger
a - Freeze                Ice            #...         12%         1    ##.....


Dungeon Overview and Level Annotations

Branches:
Dungeon (4/15)
 Temple: D:4-7

Altars:
Xom

Annotations:
D:4 Menkaure


Innate Abilities, Weirdness & Mutations

You are too large for most types of armour.
You have claws for hands.
Your metabolism is lightning-fast.
You like to eat raw meat.
Your natural rate of healing is unusually fast.
You are covered in fur. (AC +1)
You have very tough skin. (AC +2)


Message History

Unknown command.
Unknown command.
Unknown command.
You closely miss the water moccasin. The water moccasin bites you.
You are poisoned.
The water moccasin poisons you!
Unknown command.
You miss the water moccasin.
You feel sick. The water moccasin bites you.
* * * LOW HITPOINT WARNING * * *
Unknown command.
Unknown command.
You claw the water moccasin!
The water moccasin is moderately wounded.
You feel sick. The water moccasin closely misses you.
Unknown command.
Unknown command.
You completely miss the water moccasin.
The water moccasin is moderately wounded.
The water moccasin bites you!
You die...

#..$...M.......#.#
#..............#.#
#................# .
#.......<.......##
..####.............##
.....##...........##
...........######.#
.. #....##=..####w#
#.####@### ...#.# .(
#S# ##.#.#### #.#o#
#.......#
#..w######.M....?#
###....w..$.........
#...#####.......##.
.....### #.>.....#
.>...# #(......#
..... #.......#


You could see a water moccasin, a dart slug and an orc.

Vanquished Creatures
  3 gnolls (D:2)
  A giant gecko (D:2)
  2 orcs
  4 bats
  A giant cockroach (D:1)
  A goblin (D:2)
  A hobgoblin (D:1)
  A quokka (D:2)
  A giant newt (D:1)
  2 kobolds (D:2)
  A rat (D:2)
18 creatures vanquished.

Notes
Turn   | Place    | Note
-------+----------+-------------------------------------------
     0 | D:1      | 4thArraOfDagon the Troll Ice Elementalist began the quest for the Orb.
     0 | D:1      | Reached XP level 1. HP: 16/16 MP: 1/1
     0 | D:1      | 4thArraOfDagon: wiz without spells
     0 | D:1      | 4thArraOfDagon: clar with ash
     0 | D:1      | 4thArraOfDagon: how is that a waste
     0 | D:1      | Turgon: who cares about double clarity, 4 winds gives MR+++
    78 | D:1      | Reached skill level 1 in Unarmed Combat
   171 | D:2      | Found a shimmering altar of Xom.
   194 | D:2      | Reached skill level 2 in Unarmed Combat
   194 | D:2      | Reached XP level 2. HP: 24/24 MP: 2/2
   223 | D:2      | Reached XP level 3. HP: 15/31 MP: 3/3
   228 | D:2      | Reached skill level 3 in Unarmed Combat
   379 | D:4      | Noticed Menkaure
   389 | D:4      | Noticed a water moccasin
   408 | D:4      | RIP:)
   411 | D:4      | Slain by a water moccasin

Vault maps used:
D:1:      grunt_arrival_crossed_arrows
D:2:      lemuel_blue_sif_altar, tgw_xom
D:3:      first_bread, elyvilon_altar_4
D:4:      uniq_sigmund, uniq_menkaure

Skill      XL: |  1  2  3 |
---------------+----------+-----
Unarmed Combat | 2 3 |  3.2
Dodging        | |  1.5
Stealth        | |  1.1
Spellcasting   | |  1.2
Conjurations   | |  0.6
Ice Magic      | |  2.1

Action                   || total
-------------------------++-------
Melee: Unarmed           ||    64
  Use: Potion            ||     2
       Scroll            ||     3
 Stab: Invisible         ||     2
  Eat: Chunk             ||     9
Armor: Skin              ||    34
       Robe              ||    37
Dodge: Dodged            ||    51
